 Dungeon Crawl Stone Soup version 0.28-a0-863-g8cecda6153 (webtiles) character file.

Game seed: 13459652090776305006

67 ytrimaz the Covered (level 4, 0/37 HPs)
             Began as a Formicid Fighter on Nov 16, 2021.
             Was a Follower of Makhleb.
             Slain by a gnoll (12 damage)
             ... on level 2 of the Dungeon.
             The game lasted 00:01:57 (1857 turns).

ytrimaz the Covered (Formicid Fighter)              Turns: 1857, Time: 00:01:57

Health: 0/37       AC:  7    Str: 21    XL:     4   Next: 40%
Magic:  4/4        EV:  9    Int:  8    God:    Makhleb [*.....]
Gold:   135        SH:  5    Dex: 10    Spells: 3/3 levels left

rFire   . . .      SeeInvis +   a - +0 war axe
rCold   . . .      Faith    .   c - +1 buckler
rNeg    . . .      Spirit   .   b - +0 scale mail
rPois   .          Reflect  .   (helmet unavailable)
rElec   .          Harm     .   (no cloak)
rCorr   .          Rampage  .   (no gloves)
Will    +....                   (no boots)
Stlth   ..........              (no amulet)
HPRegen 0.12/turn               g - ring of willpower
MPRegen 0.09/turn               (no ring)

@: studying Armour
A: permanent stasis, dig shafts and tunnels, antennae 3, four strong arms
a: Dig, Shaft Self, Renounce Religion


You were on level 2 of the Dungeon.
You worshipped Makhleb.
Makhleb was aware of your devotion.
You visited 1 branch of the dungeon, and saw 3 of its levels.

You collected 135 gold pieces.

Inventory:

Hand Weapons
 a - a +0 war axe (weapon)
Missiles
 e - 26 poisoned darts
Armour
 b - a +0 scale mail (worn)
 c - a +1 buckler (worn)
Jewellery
 g - a ring of willpower (left hand)
 k - a ring of poison resistance
Scrolls
 l - a scroll of identify {unknown}
Potions
 d - a potion of might
 f - a potion of curing {unknown}
 h - 2 potions of degeneration {unknown}
 i - a potion of haste {unknown}
 j - a potion of flight {unknown}


   Skills:
 * Level 3.9 Fighting
 + Level 2.6 Axes
 * Level 4.2 Armour
 - Level 4.0 Shields
 * Level 0.5 Invocations


You had 3 spell levels left.
You didn't know any spells.
Your spell library was empty.

Dungeon Overview and Level Annotations

Branches:
Dungeon (3/15)

Altars:
Makhleb


Innate Abilities, Weirdness & Mutations

You cannot be hasted, slowed, berserked, paralysed or teleported.
You can dig through walls and to a lower floor.
You have a pair of large antennae on your head. (SInv)
Your four strong arms can wield two-handed weapons with a shield.


Message History

You block the gnoll's attack. The gnoll hits you but does no damage.
You barely miss the gnoll.
The gnoll hits you from afar with a +0 spear.
The gnoll closely misses you. The gnoll barely misses you.
The gnoll hits you but does no damage.
You hit the gnoll.
The gnoll is heavily wounded.
The gnoll hits you from afar with a +0 spear.
You block the gnoll's attack. The gnoll closely misses you.
You block the gnoll's attack.
You barely miss the gnoll.
The gnoll is moderately wounded.
You block the gnoll's attack. The gnoll closely misses you.
The gnoll hits you from afar with a +0 spear.
The gnoll closely misses you.
You are too injured to fight recklessly!
You are too injured to fight recklessly!
You are too injured to fight recklessly!
You are too injured to fight recklessly!
You are too injured to fight recklessly!
You are too injured to fight recklessly!
You are too injured to fight recklessly!
You are too injured to fight recklessly!
Unknown command.
You closely miss the gnoll.
The gnoll is moderately wounded.
You block the gnoll's attack.
The gnoll hits you from afar with a +0 spear.
The rat twitches its whiskers.
The gnoll barely misses you. The gnoll closely misses you.
Unknown command.
There is a stone staircase leading up here.
The gnoll hits you with a +0 flail. You block the gnoll's attack.
You climb upwards.
There is a stone staircase leading down here.
You are too injured to fight recklessly!
You hit the gnoll but do no damage.
The gnoll is moderately wounded.
The gnoll hits you with a +0 flail!
You die...

.....#.......##...##.#...#.....##
.#.#.#.#####).##.###.#......†..##
.....................#...#.#.....
##.#.#.#####...#.#####..##.##..##
...#.#......(#)...# #...........
..##.#####........# #.###.#.#.##
.......<##.#.#....# #.# #.#.#.##
..####.......#..g.# #.# #.#.#...
.............#..@.# ##.###.#.####
#.#..........########....#.#.....
#.#....###.#.##....##..#.#.######
#.###### #.............#.#.####
#.# ###.##....##.........#
#.######## #.##....#....##.##.###
.........###.#####...............
.............#####.....###.##.###
.........######........# #.##.#


You could see a gnoll.

Vanquished Creatures
  2 adders (D:2)
  3 worms (D:2)
  A dart slug (D:1)
  5 bats
  6 endoplasms
  A giant cockroach (D:2)
  3 goblins (D:2)
  4 hobgoblins (D:1)
  4 ball pythons
  3 frilled lizards
  3 kobolds
  3 rats
38 creatures vanquished.

Notes
Turn   | Place    | Note
-------+----------+-------------------------------------------
     0 | D:1      | ytrimaz the Formicid Fighter began the quest for the Orb.
     0 | D:1      | Reached XP level 1. HP: 18/18 MP: 1/1
     4 | D:1      | You fall into a shaft and drop 1 floor!
    14 | D:2      | Reached XP level 2. HP: 24/24 MP: 2/2
   441 | D:1      | Reached XP level 3. HP: 27/29 MP: 3/3
   844 | D:1      | Found a faded altar of an unknown god.
   917 | D:1      | Prayed at the altar of an unknown god.
   917 | D:1      | Became a worshipper of Makhleb the Destroyer
   917 | D:1      | Reached * piety under Makhleb
  1292 | D:2      | Reached XP level 4. HP: 35/37 MP: 4/4
  1484 | D:2      | Identified a scroll of acquirement
  1484 | D:2      | Acquired a manual of Armour
  1857 | D:2      | Slain by a gnoll

Illustrated notes

Levels and vault maps discovered:
D:1:      dpeg_arrival_rooms_a, layout_loops_ring,
          ebering_ecumenical_altar_sacrificial, chequers_serial_rivers_micro_e,
          chequers_garden, minmay_misc_feat_hallway, minmay_pentomino_v4
D:2:      layout_basic
D:3:      minmay_recursive_quarters, layout_loops_ring, uniq_jessica

Skill      XL: |  1  2  3 |
---------------+----------+-----
Shields        | 4 |  4.0
Armour         | 4 |  4.2
Fighting       | |  3.9
Axes           | |  2.6
Invocations    | |  0.5

Action                   |  1- 3 |  4- 6 || total
-------------------------+-------+-------++-------
Melee: War axe           |    70 |    39 ||   109
  Use: Scroll            |     3 |     1 ||     4
Armor: Scale mail        |    32 |    20 ||    52
Dodge: Dodged            |    32 |    29 ||    61
Block: Buckler           |    15 |    11 ||    26

Table legend: (Time is in decaauts)
 A = Elapsed time spent in this place.
 B = Non-inter-level travel time spent in this place.
 C = Inter-level travel time spent in this place.
 D = Time resting spent in this place.
 E = Time spent auto-exploring this place.
 F = Levels seen in this place.
 G = Mean time per level.
                   A        B        C        D        E       F      G
               +--------+--------+--------+--------+--------+-----+--------+
         Total |   1898 |   1839 |     59 |    297 |   1179 |   3 |  632.7 |
       Dungeon |   1898 |   1839 |     59 |    297 |   1179 |   3 |  632.7 |
               +--------+--------+--------+--------+--------+-----+--------+

Top non-repeatable levels by time:
     D:2: 1077 daAuts
     D:1: 801 daAuts
     D:3: 20 daAuts
